 Dungeon Crawl Stone Soup version 0.23.2-11-gf996548c65 (webtiles) character file.

Game seed: 16284033494117365945

3419 bored the Martial Artist (level 10, -5/61 HPs)
             Began as an Octopode Transmuter on June 4, 2019.
             Was a Follower of Okawaru.
             Slain by a gnoll
             ... wielding a +1 flail of crushing
              (11 damage)
             ... on level 8 of the Dungeon on June 5, 2019.
             The game lasted 00:24:22 (10356 turns).

bored the Martial Artist (Octopode Transmuter)     Turns: 10356, Time: 00:24:22

Health: -5/61      AC:  2    Str: 13    XL:     10   Next: 5%
Magic:  17/17      EV: 13    Int: 17    God:    Okawaru [*.....]
Gold:   343        SH:  0    Dex: 15    Spells: 1/18 levels left

rFire    . . .     SeeInvis +     - Unarmed
rCold    + + .     Gourm    .   (no shield)
rNeg     . . .     Faith    .   (helmet restricted)
rPois    .         Spirit   .   (no amulet)
rElec    .         Reflect  .   u - +1 ring of protection
rCorr    .         Harm     .   d - ring of Azxobi {rC++ Str+4 SInv Stlth+}
MR       .....                  (no ring)
Stlth    ++++......             (no ring)
HPRegen  0.20/turn              (no ring)
MPRegen  0.15/turn              (no ring)
                                (no ring)
                                (no ring)

@: hasted, very quick
A: almost no armour, stealthy swim, amphibious, 8 rings, constrict 8, camouflage
1, gelatinous body 1
a: Heroism, Renounce Religion


You were on level 8 of the Dungeon.
You worshipped Okawaru.
Okawaru was aware of your devotion.
You were not hungry.

You visited 2 branches of the dungeon, and saw 9 of its levels.

You collected 343 gold pieces.

Inventory:

Missiles
 a - 162 arrows
Jewellery
 d - the ring of Azxobi (right tentacle) {rC++ Str+4 SInv Stlth+}
   (You took it off a kobold on level 7 of the Dungeon)

   [ring of see invisible]

   It affects your strength (+4).
   It greatly protects you from cold.
   It lets you see invisible.
   It makes you more stealthy.
 f - an uncursed ring of fire
 u - a +1 ring of protection (left tentacle)
 A - an uncursed ring of ice
Wands
 x - a wand of iceblast (4)
 y - a wand of clouds (5)
 B - a wand of enslavement (9)
Scrolls
 b - a scroll of immolation
 g - 5 scrolls of blinking
 h - 6 scrolls of teleportation
 i - 3 scrolls of remove curse
 l - 4 scrolls of amnesia
 q - a scroll of noise {unknown}
 s - 3 scrolls of fog
 t - a scroll of magic mapping {unknown}
 z - a scroll of enchant weapon {unknown}
 D - 2 scrolls of identify
 E - a scroll of silence {unknown}
 F - a scroll of enchant armour {unknown}
Potions
 e - 2 potions of ambrosia
 j - a potion of lignification
 k - 3 potions of brilliance
 m - 2 potions of flight
 n - 3 potions of might
 o - a potion of agility
 p - a potion of haste
 r - 3 potions of resistance
 v - a potion of invisibility
 w - 2 potions of curing
 C - a potion of cancellation {unknown}
Comestibles
 c - 16 rations


   Skills:
 + Level 2.5 Fighting
 - Level 2.0 Dodging
 - Level 1.5 Stealth
 + Level 8.2 Unarmed Combat
 + Level 4.9 Spellcasting
 - Level 2.1 Hexes
 * Level 1.0 Translocations
 + Level 6.7 Transmutations
 * Level 5.6 Ice Magic
 - Level 4.7 Poison Magic
 * Level 1.2 Invocations


You had one spell level left.
You knew the following spells:

 Your Spells              Type           Power        Failure   Level  Hunger
a - Beastly Appendage     Tmut           ####..       1%          1    None
b - Sticks to Snakes      Tmut           ####....     1%          2    #......
c - Spider Form           Tmut/Pois      ###.......   4%          3    ###....
d - Ice Form              Ice/Tmut       ####....     11%         4    ####...
e - Confusing Touch       Hex            ##....       6%          1    None
f - Summon Lightning Spi  Summ/Air       #.......     82%         4    ####...
g - Blink                 Tloc           N/A          14%         2    #......

Your spell library contained the following spells:

 Spells                   Type           Power        Failure   Level  Hunger
 Apportation              Tloc           #.....       10%         1    None
 Animate Skeleton         Necr           N/A          14%         1    None
 Infusion                 Chrm           #...         14%         1    None
 Magic Dart               Conj           #...         14%         1    None
 Sandblast                Erth           #.....       14%         1    None
 Summon Small Mammal      Summ           #...         14%         1    None
 Passwall                 Tmut/Erth      ###.....     5%          2    #......
 Slow                     Hex            ##......     9%          2    #......
 Shroud of Golubria       Chrm/Tloc      #.........   17%         2    #......
 Call Imp                 Summ           #.......     22%         2    #......
 Song of Slaying          Chrm           #.......     22%         2    #......
 Mephitic Cloud           Conj/Pois/Air  #.......     22%         3    ###....
 Blade Hands              Tmut           ####......   26%         5    ######.
 Spectral Weapon          Hex/Chrm       #.......     28%         3    ###....
 Summon Guardian Golem    Hex/Summ       #.......     28%         3    ###....
 Petrify                  Tmut/Erth      ###.....     34%         4    ####...
 Call Canine Familiar     Summ           #.......     41%         3    ###....
 Conjure Flame            Conj/Fire      #.......     41%         3    ###....
 Regeneration             Chrm/Necr      #.........   41%         3    ###....
 Stone Arrow              Conj/Erth      #.....       41%         3    ###....
 Summon Ice Beast         Ice/Summ       ##......     41%         4    ####...
 Irradiate                Conj/Tmut      ###.......   69%         5    ######.
 Hydra Form               Tmut           ####......   80%         6    #######
 Lee's Rapid Deconstruct  Erth           #.........   99%         5    ######.
 Statue Form              Tmut/Erth      ###......    99%         6    #######
 Dragon Form              Tmut           ####......   100%        7    #######


Dungeon Overview and Level Annotations

Branches:
Dungeon (8/15)             Temple (1/1) D:7
   Lair: D:8-11

Altars:
Ashenzari
Cheibriados
Dithmenos
Elyvilon
Fedhas
Gozag
Kikubaaqudgha
Makhleb
Nemelex Xobeh
Okawaru
Ru
Sif Muna
Trog
Uskayaw
Vehumet
Xom
Yredelemnul
Zin
The Shining One

Annotations:
D:2 exclusion: downstairs
D:5 exclusion: 2 doors, Grinder
D:6 exclusion: downstairs


Innate Abilities, Weirdness & Mutations

You cannot wear most types of armour.
You are very stealthy in the water. (Stealth+)
You are amphibious.
You can wear up to eight rings at the same time.
You can use your tentacles to constrict eight enemies at once.
Your skin changes colour to match your surroundings (Stealth+).
Your rubbery body absorbs attacks. (AC +1, EV +1)


Message History

You struggle against the net.
The gnoll misses you. The gnoll hits you. x2
The gnoll barely misses you.
You struggle against the net.
The gnoll hits you. x2
The gnoll hits you with a +0 flail.
You struggle against the net.
Your transformation has ended.
The gnoll hits you with a +1 flail of crushing!
The gnoll hits you. The gnoll barely misses you.
You shred the net and break free!
The gnoll shouts!
The gnoll hits you with a +0 flail!
The gnoll hits you with a +1 flail of crushing!
* * * LOW HITPOINT WARNING * * *
x2 The gnoll hits you.
* * * LOW HITPOINT WARNING * * *
The gnoll shouts!
You feel yourself speed up. The gnoll hits you with a +0 flail.
* * * LOW HITPOINT WARNING * * *
The gnoll hits you with a +1 flail of crushing!
You die...

#...## ### #....# ##..##
#######....####....##
#............##.....#
#...##.......#...>..# .
#..####...#.....##..## ..
..##.)##.##.....#..#.#...
..##..##.................
...#''#.........@g.......
.............####gg.####
............##...ggg...#
#######.....##..gg.....##..#
#.....##....g....##...
######.....##...g.....##..#
##....#.....#####...#####..#
#.....#.....# +...+ #..#
##.##.#.....# +...+ #..### #


You could see a gnoll sergeant, a gnoll shaman and 7 gnolls.

Vanquished Creatures
  A hornet (D:7)
  Sigmund (D:5)
  A spriggan (D:7)
  A water moccasin (D:7)
  Duvessa (D:7)
  A black bear (D:7)
  An ogre (D:7)
  4 orc warriors
  An ice beast (D:7)
  2 phantoms (D:8)
  3 centaurs
  2 big kobolds
  2 bullfrogs (D:6)
  A water moccasin zombie (D:8)
  Dowan (D:7)
  2 scorpions (D:6)
  2 crimson imps
  A bullfrog zombie (D:6)
  A hound (D:6)
  A jelly (D:6)
  7 orc priests
  8 orc wizards
  A centaur skeleton (D:7)
  A gnoll shaman (D:8)
  3 iguanas
  7 worker ants
  A hound skeleton (D:4)
  8 gnolls
  10 adders
  A shadow imp (Temple)
  An ooze (D:4)
  An adder zombie (D:5)
  2 worms
  3 leopard geckos
  28 orcs
  7 bats
  4 giant cockroaches
  4 goblins
  7 hobgoblins
  18 kobolds
  4 quokkas
  A ball python (D:3)
  6 frilled lizards
  A quokka skeleton (D:5)
  2 rats (D:2)
166 creatures vanquished.

Notes
Turn   | Place    | Note
-------+----------+-------------------------------------------
     0 | D:1      | bored the Octopode Transmuter began the quest for the Orb.
     0 | D:1      | Reached XP level 1. HP: 13/13 MP: 3/3
   517 | D:1      | Reached XP level 2. HP: 11/18 MP: 5/5
   921 | D:2      | Found a bloodstained altar of Trog.
   931 | D:2      | Reached XP level 3. HP: 18/23 MP: 6/6
   935 | D:2      | Learned a level 2 spell: Sticks to Snakes
   939 | D:2      | Learned a level 3 spell: Spider Form
  1144 | D:2      | Reached skill level 1 in Stealth
  1159 | D:2      | Reached skill level 4 in Unarmed Combat
  1926 | D:3      | Found a deep blue altar of Sif Muna.
  1929 | D:3      | Found an opulent altar of Gozag.
  1929 | D:3      | Found a glowing golden altar of the Shining One.
  1929 | D:3      | Found a sacrificial altar of Ru.
  1929 | D:3      | Found a shadowy altar of Dithmenos.
  1938 | D:3      | Reached XP level 4. HP: 8/28 MP: 7/7
  2364 | D:3      | Reached skill level 1 in Poison Magic
  2868 | D:3      | Found a faded altar of an unknown god.
  2910 | D:3      | Found a glowing silver altar of Zin.
  3006 | D:3      | Reached XP level 5. HP: 32/33 MP: 8/8
  3775 | D:4      | Noticed a phantom
  3952 | D:4      | Reached skill level 5 in Unarmed Combat
  3952 | D:4      | Reached XP level 6. HP: 12/38 MP: 8/10
  4167 | D:4      | Learned a level 4 spell: Ice Form
  4459 | D:5      | Entered Level 5 of the Dungeon
  5010 | D:5      | Noticed Grinder
  5127 | D:5      | Noticed Sigmund
  5138 | D:5      | Killed Sigmund
  5138 | D:5      | Reached XP level 7. HP: 28/44 MP: 7/11
  5565 | D:6      | Reached skill level 6 in Unarmed Combat
  5828 | D:6      | Reached XP level 8. HP: 50/50 MP: 2/13
  5951 | D:6      | Reached skill level 7 in Unarmed Combat
  6799 | D:6      | Found a shimmering altar of Xom.
  6800 | D:6      | Found a radiant altar of Vehumet.
  6872 | D:6      | Found an ancient bone altar of Kikubaaqudgha.
  7445 | D:7      | Learned a level 1 spell: Confusing Touch
  7558 | D:7      | Noticed Duvessa
  7558 | D:7      | Noticed Dowan
  7568 | D:6      | Reached skill level 1 in Ice Magic
  7574 | D:6      | Learned a level 4 spell: Summon Lightning Spire
  7598 | D:7      | Reached skill level 1 in Hexes
  7859 | D:7      | Killed Duvessa
  7859 | D:7      | Reached XP level 9. HP: 55/55 MP: 11/15
  7918 | D:7      | Reached skill level 8 in Unarmed Combat
  7998 | D:7      | Found a sacrificial altar of Ru.
  8096 | D:7      | Found a staircase to the Ecumenical Temple.
  8105 | Temple   | Entered the Ecumenical Temple
  8238 | Temple   | Became a worshipper of Warmaster Okawaru
  8330 | D:7      | Reached skill level 5 in Transmutations
  8541 | D:7      | Identified the ring of Azxobi {rC++ Str+4 SInv Stlth+}
  8544 | D:7      | Noticed a hornet
  8656 | D:7      | Killed a hornet
  8836 | D:7      | Killed Dowan
  9398 | D:7      | Reached * piety under Okawaru
  9501 | D:7      | Reached skill level 5 in Ice Magic
  9701 | D:8      | Learned a level 2 spell: Blink
 10135 | D:8      | Reached skill level 1 in Invocations
 10135 | D:8      | Reached XP level 10. HP: 61/61 MP: 12/17
 10205 | D:8      | Reached skill level 1 in Translocations
 10356 | D:8      | Slain by a gnoll

Skill      XL: |  1  2  3  4  5  6  7  8  9 10 |
---------------+-------------------------------+-----
Stealth        | 1 |  1.5
Unarmed Combat | 4 5 6 7 8 |  8.2
Poison Magic   | 1 2 3 4 |  4.7
Spellcasting   | 3 4 |  4.9
Transmutations | 3 4 6 |  6.7
Fighting       | 2 |  2.5
Ice Magic      | 1 5 |  5.6
Hexes          | 1 2 |  2.1
Invocations    | 1 |  1.2
Translocations | 1 |  1.0
Dodging        | |  2.0

Action                   |  1- 3 |  4- 6 |  7- 9 | 10-12 || total
-------------------------+-------+-------+-------+-------++-------
Melee: Unarmed           |    66 |   123 |   315 |    11 ||   515
       Constrict         |    14 |    15 |    20 |       ||    49
       Tentacles         |    11 |    10 |    20 |     1 ||    42
       Kick              |     3 |     7 |    27 |     2 ||    39
       Punch             |     2 |     3 |     6 |       ||    11
 Cast: Beastly Appendage |     5 |     6 |    14 |     1 ||    26
       Spider Form       |       |     4 |    15 |     1 ||    20
       Sticks to Snakes  |       |     3 |     8 |       ||    11
       Confusing Touch   |       |       |    13 |       ||    13
       Ice Form          |       |       |     7 |     1 ||     8
Invok: Heroism           |       |       |     1 |       ||     1
  Use: Scroll            |       |       |    15 |       ||    15
       Potion            |       |       |       |     1 ||     1
 Stab: Sleeping          |     4 |     4 |     2 |     1 ||    11
       Confused          |       |       |    12 |       ||    12
       Distracted        |       |       |     1 |       ||     1
       Paralysed         |       |       |     1 |       ||     1
  Eat: Chunk             |     3 |    11 |    15 |     2 ||    31
       Ration            |       |       |     1 |       ||     1
Armor: Skin              |     8 |     9 |    35 |     1 ||    53
Dodge: Dodged            |    42 |    87 |   207 |     9 ||   345
